 Dungeon Crawl Stone Soup version 0.22-a0-469-gf26638a (webtiles) character file.

396 protoss039 the Geomancer (level 6, 0/49 HPs)
             Began as a Deep Dwarf Earth Elementalist on June 11, 2018.
             Killed by divine providence
             ... invoked by an orc priest
              (10 damage)
             ... on level 3 of the Dungeon.
             The game lasted 00:22:41 (4189 turns).

protoss039 the Geomancer (DDEE)                     Turns: 4189, Time: 00:22:42

Health: 0/49       AC:  6    Str: 12    XL:     6   Next: 52%
Magic:  3/8        EV: 12    Int: 17    God:
Gold:   157        SH:  0    Dex: 13    Spells: 2/8 levels left

rFire    . . .     SeeInvis .   e - +0 short sword
rCold    . . .     Gourm    .   (no shield)
rNeg     . . .     Faith    .   c - +0 robe
rPois    .         Spirit   .   (no helmet)
rElec    .         Reflect  .   t - +1 cloak
rCorr    .         Harm     .   s - +0 pair of gloves
MR       .....                  l - +0 pair of boots
Stlth    ++........             (no amulet)
HPRegen  0.00/turn              (no ring)
MPRegen  0.11/turn              (no ring)

@: non-regenerating
A: damage resistance, heal wounds, sense surroundings 1, no regeneration
a: Heal Wounds


You were on level 3 of the Dungeon.
You were very hungry.

You visited 1 branch of the dungeon, and saw 3 of its levels.
You also visited: Sewer.

You collected 157 gold pieces.

Inventory:

Hand Weapons
 e - a +0 short sword (weapon)
Armour
 c - a +0 robe (worn)
 l - a +0 pair of boots (worn)
 s - a +0 pair of gloves (worn)
 t - a +1 cloak (worn)
Jewellery
 m - an uncursed ring of magical power {unknown}
 o - an uncursed ring of fire {unknown}
 q - an uncursed amulet of harm {unknown}
Scrolls
 a - a scroll of magic mapping
 f - 2 scrolls of teleportation
 g - a scroll of identify {unknown}
 u - a scroll of remove curse
 v - a scroll of immolation {unknown}
Potions
 h - 3 potions of degeneration {unknown}
 i - a potion of agility
 j - 2 potions of curing
 k - a potion of might {unknown}
 n - a potion of magic {unknown}
 p - a potion of flight {unknown}
 r - 3 potions of haste {unknown}
Comestibles
 d - 5 rations


   Skills:
 - Level 0.2 Fighting
 - Level 0.5 Short Blades
 - Level 2.1 Dodging
 - Level 2.4 Stealth
 - Level 1.7 Spellcasting
 - Level 0.9 Transmutations
 + Level 9.6 Earth Magic


You had 2 spell levels left.
You knew the following spells:

 Your Spells              Type           Power        Failure   Level  Hunger
a - Sandblast             Erth           ####..       1%          1    #......
b - Passwall              Tmut/Erth      ###.....     3%          2    ###....
c - Stone Arrow           Conj/Erth      ###...       9%          3    ###....

Your spell library contained the following spells:

 Spells                   Type           Power        Failure   Level  Hunger
 Lee's Rapid Deconstruct  Erth           ####......   11%         5    ######.
 Petrify                  Tmut/Erth      ###.....     22%         4    #####..


Dungeon Overview and Level Annotations

Branches:
Dungeon (3/15)

Altars:

Annotations:
D:3 exclusion: door


Innate Abilities, Weirdness & Mutations

You are resistant to damage.
You can heal yourself by infusing magical energy.
You passively map a small area around you.
You do not regenerate.


Message History

You hit the orc.
The orc is moderately wounded.
The orc hits you. The orc priest closely misses you.
Okay, then.
You hit the orc.
The orc is heavily wounded.
The orc hits you.
The orc priest hits you but does no damage.
You barely miss the orc.
The orc is heavily wounded.
The orc hits you.
The orc priest invokes the aid of Beogh against you.
Pain shoots through your body!
* * * LOW HITPOINT WARNING * * *
You hit the orc but do no damage.
The orc is heavily wounded.
The orc misses you.
The orc priest mumbles some strange prayers to Beogh against you.
Beogh smites you!
You die...

#......# #.#############.#
#......#####.#############.# #
#..........................# #
#........###.##################
#........)...<..o.o.....#.o.o.#
#####....####)#########.#.###.#
##'######.# #..oo...#.# #.#
#......#o###.#######.# #.o
##########.#.@o......oo..# #.#
#........#.#####.######### #.#
#........'.#...).)..#....# #.#
#........#.#....).#.#.##.# #.#
#####'##...#....#.#.#.##.###.#
#......#....#.#.#.##.....#
###.####...[..#.#.###.#.##
###.......##.###.#.....#.##
#......#####'###.#####.#.##


You could see an orc priest and an orc.

Vanquished Creatures
  A crocodile (Sewer)
  2 orc priests (D:3)
  Crazy Yiuf (D:2)
  An orc wizard (D:3)
  4 gnolls (D:3)
  4 adders
  A river rat (D:3)
  An ooze (D:3)
  3 worms
  A dart slug (D:1)
  5 leopard geckos
  14 orcs (D:3)
  4 ball pythons (D:3)
  10 bats
  5 giant cockroaches
  2 goblins
  6 hobgoblins
  6 jackals
  3 quokkas (D:2)
  5 frilled lizards
  10 kobolds
  11 rats
100 creatures vanquished.

Notes
Turn   | Place    | Note
-------+----------+-------------------------------------------
     0 | D:1      | protoss039 the Deep Dwarf Earth Elementalist began the quest for the Orb.
     0 | D:1      | Reached XP level 1. HP: 15/15 MP: 3/3
   374 | D:1      | Reached XP level 2. HP: 22/22 MP: 1/4
   491 | D:1      | Reached skill level 5 in Earth Magic
  1301 | D:2      | Reached XP level 3. HP: 28/28 MP: 0/5
  1744 | D:2      | Reached skill level 6 in Earth Magic
  1852 | D:2      | Learned a level 2 spell: Passwall
  2113 | D:2      | Found a runed door.
  2276 | D:2      | Noticed Crazy Yiuf
  2278 | D:2      | Killed Crazy Yiuf
  2278 | D:2      | Reached XP level 4. HP: 36/36 MP: 3/6
  2440 | D:3      | Reached skill level 7 in Earth Magic
  2778 | D:3      | Reached XP level 5. HP: 22/42 MP: 0/7
  2997 | D:3      | Found a glowing drain.
  3007 | D:3      | Reached skill level 8 in Earth Magic
  3033 | Sewer    | Entered a sewer
  3137 | Sewer    | Noticed a crocodile
  3146 | Sewer    | Killed a crocodile
  3146 | Sewer    | Reached XP level 6. HP: 39/49 MP: 2/8
  3327 | D:3      | Learned a level 3 spell: Stone Arrow
  3476 | D:3      | Reached skill level 9 in Earth Magic
  4189 | D:3      | Killed from afar by an orc priest

Vault maps used:
D:1:      dpeg_arrival_shrine
D:2:      minmay_wonky_spiral, uniq_crazy_yiuf_cottage
D:3:      kennysheep_six_static_rooms, portal_sewer_entry_e
Sewer:    sewer_big_baddie

Skill      XL: |  1  2  3  4  5  6 |
---------------+-------------------+-----
Earth Magic    | 5 6 7 8 9 |  9.6
Fighting       | |  0.2
Short Blades   | |  0.5
Dodging        | |  2.1
Stealth        | |  2.4
Spellcasting   | |  1.7
Transmutations | |  0.9

Action                   |  1- 3 |  4- 6 || total
-------------------------+-------+-------++-------
Melee: Short sword       |    13 |   106 ||   119
 Cast: Sandblast         |    53 |    76 ||   129
       Passwall          |       |     4 ||     4
       Stone Arrow       |       |    13 ||    13
 Abil: Heal Wounds       |     1 |     5 ||     6
  Use: Scroll            |       |     5 ||     5
  Eat: Chunk             |     5 |     9 ||    14
Armor: Robe              |     2 |    63 ||    65
Dodge: Dodged            |    13 |   130 ||   143

Table legend:
 A = Spawn XP
 B = Non-spawn XP
 C = Spawn XP percentage of total XP
 D = Spawn monster count
 E = Non-spawn monster count
 F = Spawn count percentage of total count
 G = Total turns spent on level
                    A         B        C        D         E        F      G
               +---------+---------+-------+---------+---------+-------+---------
         Total |       0 |     566 |   0.0 |       0 |     100 |   0.0 |  4189
               +---------+---------+-------+---------+---------+-------+---------
           D:1 |       0 |      36 |   0.0 |       0 |      20 |   0.0 |  1266
           D:2 |       0 |      94 |   0.0 |       0 |      18 |   0.0 |  1139
           D:3 |       0 |     323 |   0.0 |       0 |      56 |   0.0 |  1572
         Sewer |       0 |     113 |   0.0 |       0 |       6 |   0.0 |   212
               +---------+---------+-------+---------+---------+-------+---------
